| TOP OF THE 1ST |
|
Beloit Snappers batting - Pitching for Hickory Crawdads : LHP Zachary DeVault
|
|
Pitching: LHP Zachary DeVault
|
|
|
Batting: RHB Chris Bohm
|
0-0: Swinging Strike 0-1: Ball 1-1: Foul Ball, location: 2F 1-2: Ball 2-2: Foul Ball, location: 2F 2-2: Ground out 6-3 (Groundball, 6D, EV 104.4 MPH)
|
|
Batting: RHB Emiel Schlepers
|
0-0: Swinging Strike 0-1: SINGLE (Groundball, 6MD, EV 101.2 MPH)
|
|
Batting: RHB Shannon Beck
|
0-0: Swinging Strike 0-1: Called Strike 0-2: Strikes out swinging
|
|
Batting: RHB Clay Statum
|
0-0: Called Strike 0-1: Foul Ball, location: 2F 0-2: Ball 1-2: Strikes out swinging
|
| Top of the 1st over - 0 runs, 1 hit, 0 errors, 1 left on base; Beloit 0 - Hickory 0 |
| BOTTOM OF THE 1ST |
|
Hickory Crawdads batting - Pitching for Beloit Snappers : RHP Felix Carranza
|
|
Pitching: RHP Felix Carranza
|
|
|
Batting: RHB Aaron Moore
|
0-0: Ball 1-0: Called Strike 1-1: Foul Ball, location: 2F 1-2: Foul Ball, location: 2F 1-2: Ball 2-2: Ball 3-2: Ground out 6-3 (Groundball, 6, EV 79.4 MPH)
|
|
Batting: LHB Caleb Domino
|
0-0: Ball 1-0: Ball 2-0: Swinging Strike 2-1: Ball 3-1: Called Strike 3-2: Ground out 6-3 (Groundball, 6, EV 83.1 MPH)
|
|
Batting: RHB Matthew Starr
|
0-0: Foul Ball, location: 2F 0-1: Ball 1-1: Called Strike 1-2: Ground out U3 (Groundball, 3, EV 102.5 MPH)
|
| Bottom of the 1st over - 0 runs, 0 hits, 0 errors, 0 left on base; Beloit 0 - Hickory 0 |
| TOP OF THE 2ND |
|
Beloit Snappers batting - Pitching for Hickory Crawdads : LHP Zachary DeVault
|
|
Batting: RHB Don Burt
|
0-0: Ball 1-0: Called Strike 1-1: Foul Ball, location: 2F 1-2: Foul Ball, location: 2F 1-2: Ball 2-2: Ball 3-2: Fly out, F5 (Line Drive, 5, EV 65.6 MPH)
|
|
Batting: LHB Jeremy Brammer
|
0-0: SINGLE (Line Drive, 6MD, EV 98.8 MPH)
|
|
Batting: RHB Josh Lykins
|
0-0: Ball 1-0: Swinging Strike 1-1: Foul Ball, location: 2F 1-2: Strikes out swinging
|
|
Batting: LHB Robert Wilkins
|
0-0: Fly out, F7 (Line Drive, 7LM, EV 84.4 MPH)
|
| Top of the 2nd over - 0 runs, 1 hit, 0 errors, 1 left on base; Beloit 0 - Hickory 0 |
| BOTTOM OF THE 2ND |
|
Hickory Crawdads batting - Pitching for Beloit Snappers : RHP Felix Carranza
|
|
Batting: RHB Dermott Neill
|
0-0: Foul Ball, location: 2F 0-1: Ball 1-1: Ball 2-1: Foul Ball, location: 2F 2-2: Foul Ball, location: 2F 2-2: Ground out 6-3 (Groundball, 6, EV 87.5 MPH)
|
|
Batting: RHB Jarrod Joyce
|
0-0: Ball 1-0: Ball 2-0: Ground out 6-3 (Groundball, 6MS, EV 93.8 MPH)
|
|
Batting: RHB Salvador Caldera
|
0-0: Called Strike 0-1: Foul Ball, location: 2F 0-2: Ground out 4-3 (Groundball, 4, EV 76.2 MPH)
|
| Bottom of the 2nd over - 0 runs, 0 hits, 0 errors, 0 left on base; Beloit 0 - Hickory 0 |
| TOP OF THE 3RD |
|
Beloit Snappers batting - Pitching for Hickory Crawdads : LHP Zachary DeVault
|
|
Batting: LHB Felipe Gomez
|
0-0: Ball 1-0: Foul Ball, location: 2F 1-1: Ball 2-1: Swinging Strike 2-2: Foul Ball, location: 2F 2-2: Strikes out swinging
|
|
Batting: RHB Chris Bohm
|
0-0: Ball 1-0: Fly out, F7 (Flyball, 78D, EV 91.9 MPH)
|
|
Batting: RHB Emiel Schlepers
|
0-0: Ball 1-0: Ball 2-0: Called Strike 2-1: Ball 3-1: Foul Ball, location: 2F 3-2: Fly out, F7 (Flyball, 7LSF, EV 86.9 MPH)
|
| Top of the 3rd over - 0 runs, 0 hits, 0 errors, 0 left on base; Beloit 0 - Hickory 0 |
| BOTTOM OF THE 3RD |
|
Hickory Crawdads batting - Pitching for Beloit Snappers : RHP Felix Carranza
|
|
Batting: RHB Zach Thomason
|
0-0: Ball 1-0: Ball 2-0: Foul Ball, location: 2F 2-1: Foul Ball, location: 2F 2-2: Strikes out swinging
|
|
Batting: RHB Zach Koblinski
|
0-0: Foul Ball, location: 2F 0-1: Ball 1-1: Fly out, F8 (Line Drive, 8RM, EV 91.2 MPH)
|
|
Batting: RHB Dave Brabo
|
0-0: Called Strike 0-1: Foul Ball, location: 2F 0-2: Ball 1-2: Strikes out swinging
|
| Bottom of the 3rd over - 0 runs, 0 hits, 0 errors, 0 left on base; Beloit 0 - Hickory 0 |
| TOP OF THE 4TH |
|
Beloit Snappers batting - Pitching for Hickory Crawdads : LHP Zachary DeVault
|
|
Batting: RHB Shannon Beck
|
0-0: Called Strike 0-1: Ball 1-1: Ball 2-1: Ground out 5-3 (Groundball, 56, EV 103.1 MPH)
|
|
Batting: RHB Clay Statum
|
0-0: Swinging Strike 0-1: Foul Ball, location: 2F 0-2: Ball 1-2: Strikes out swinging
|
|
Batting: RHB Don Burt
|
0-0: Foul Ball, location: 2F 0-1: Called Strike 0-2: Ball 1-2: Ground out 5-3 (Groundball, 56S, EV 73.1 MPH)
|
| Top of the 4th over - 0 runs, 0 hits, 0 errors, 0 left on base; Beloit 0 - Hickory 0 |
| BOTTOM OF THE 4TH |
|
Hickory Crawdads batting - Pitching for Beloit Snappers : RHP Felix Carranza
|
|
Batting: RHB Aaron Moore
|
0-0: SINGLE (Groundball, 56D, EV 95.0 MPH)
|
|
Batting: LHB Caleb Domino
|
0-0: Called Strike 0-1: Swinging Strike 0-2: Ball 1-2: Ball 2-2: Ball 3-2: Base on Balls Aaron Moore to second
|
|
Batting: RHB Matthew Starr
|
0-0: Swinging Strike 0-1: Foul Ball, location: 2F 0-2: Ball 1-2: Ball 2-2: Foul Ball, location: 2F 2-2: Ball 3-2: Base on Balls Aaron Moore to third Caleb Domino to second
|
|
Batting: RHB Dermott Neill
|
0-0: Ball 1-0: Called Strike 1-1: Foul Ball, location: 2F 1-2: Foul Ball, location: 2F 1-2: Ball 2-2: Foul Ball, location: 2F Balk! Aaron Moore scores Caleb Domino to third Matthew Starr to second 2-2: Foul Ball, location: 2F 2-2: Hit by Pitch
|
|
Batting: RHB Jarrod Joyce
|
0-0: Ball 1-0: Foul Ball, location: 2F 1-1: Called Strike 1-2: Strikes out looking
|
|
Batting: RHB Salvador Caldera
|
0-0: Swinging Strike 0-1: Called Strike 0-2: Fly out, F8 (Flyball, 8LD, EV 104.4 MPH) Runner from 3rd tags up, SCORES, no throw by CF
|
|
Batting: RHB Zach Thomason
|
0-0: Fielders Choice at 2nd, 6-4 (Groundball, 6, EV 81.2 MPH)
|
| Bottom of the 4th over - 2 runs, 1 hit, 0 errors, 2 left on base; Beloit 0 - Hickory 2 |
| TOP OF THE 5TH |
|
Beloit Snappers batting - Pitching for Hickory Crawdads : LHP Zachary DeVault
|
|
Batting: LHB Jeremy Brammer
|
0-0: Ball 1-0: Called Strike 1-1: Ball 2-1: Ground out U3 (Groundball, 3, EV 100.6 MPH)
|
|
Batting: RHB Josh Lykins
|
0-0: Called Strike 0-1: DOUBLE (Groundball, 3L, EV 105.6 MPH)
|
|
Batting: LHB Robert Wilkins
|
0-0: Ball 1-0: Ball 2-0: Called Strike 2-1: Foul Ball, location: 2F 2-2: Ground out 4-3 (Groundball, 4, EV 109.4 MPH) Josh Lykins to third
|
|
Batting: LHB Felipe Gomez
|
0-0: SINGLE (Groundball, 6S, EV 63.1 MPH) (infield hit) Josh Lykins scores
|
|
Batting: RHB Chris Bohm
|
0-0: Swinging Strike 0-1: Ball 1-1: Swinging Strike 1-2: Strikes out swinging
|
| Top of the 5th over - 1 run, 2 hits, 0 errors, 1 left on base; Beloit 1 - Hickory 2 |
| BOTTOM OF THE 5TH |
|
Hickory Crawdads batting - Pitching for Beloit Snappers : RHP Felix Carranza
|
|
Batting: RHB Zach Koblinski
|
0-0: Ball 1-0: Swinging Strike 1-1: Swinging Strike 1-2: Ball 2-2: Ground out U3 (Groundball, 34S, EV 80.0 MPH)
|
|
Batting: RHB Dave Brabo
|
0-0: Foul Ball, location: 2F 0-1: Swinging Strike 0-2: Ball 1-2: Foul Ball, location: 2F 1-2: Reached on error, E3 (Groundball, 13, EV 91.9 MPH)
|
|
Pitching: RHP Juan Lucero
|
|
|
Batting: RHB Aaron Moore
|
0-0: Ball 1-0: Called Strike 1-1: Ball 2-1: Foul Ball, location: 2F 2-2: Foul Ball, location: 2F 2-2: Fly out, F9 (Flyball, 89M, EV 90.0 MPH)
|
|
Batting: LHB Caleb Domino
|
0-0: Called Strike 0-1: Ball 1-1: Foul Ball, location: 2F 1-2: Ball Dave Brabo is caught stealing 2nd base 2-6
|
| Bottom of the 5th over - 0 runs, 0 hits, 1 error, 0 left on base; Beloit 1 - Hickory 2 |
| TOP OF THE 6TH |
|
Beloit Snappers batting - Pitching for Hickory Crawdads : LHP Zachary DeVault
|
|
Batting: RHB Emiel Schlepers
|
0-0: Foul Ball, location: 2F 0-1: Ball 1-1: Swinging Strike 1-2: Strikes out looking
|
|
Batting: RHB Shannon Beck
|
0-0: Called Strike 0-1: Fly out, F9 (Flyball, 89S, EV 84.4 MPH)
|
|
Batting: RHB Clay Statum
|
0-0: Foul Ball, location: 2F 0-1: Foul Ball, location: 2F 0-2: DOUBLE (Line Drive, 89XD, EV 98.1 MPH)
|
|
Batting: RHB Don Burt
|
0-0: Ball 1-0: Ball 2-0: Ball 3-0: Base on Balls
|
|
Batting: LHB Jeremy Brammer
|
0-0: Ball 1-0: Foul Ball, location: 2F 1-1: Ball 2-1: Foul Ball, location: 2F 2-2: TRIPLE (Line Drive, 8RXD, EV 103.8 MPH) Clay Statum scores Don Burt scores
|
|
Batting: RHB Josh Lykins
|
0-0: Called Strike 0-1: Foul Ball, location: 2F 0-2: Foul Ball, location: 2F 0-2: Ball 1-2: Strikes out swinging
|
| Top of the 6th over - 2 runs, 2 hits, 0 errors, 1 left on base; Beloit 3 - Hickory 2 |
| BOTTOM OF THE 6TH |
|
Hickory Crawdads batting - Pitching for Beloit Snappers : RHP Juan Lucero
|
|
Batting: LHB Caleb Domino
|
0-0: Ball 1-0: Ball 2-0: Fly out, F6 (Line Drive, 6, EV 66.2 MPH)
|
|
Batting: RHB Matthew Starr
|
0-0: Foul Ball, location: 2F 0-1: Called Strike 0-2: Foul Ball, location: 2F 0-2: Strikes out looking
|
|
Batting: RHB Dermott Neill
|
0-0: Ball 1-0: Called Strike 1-1: Called Strike 1-2: Strikes out looking
|
| Bottom of the 6th over - 0 runs, 0 hits, 0 errors, 0 left on base; Beloit 3 - Hickory 2 |
| TOP OF THE 7TH |
|
Beloit Snappers batting - Pitching for Hickory Crawdads : LHP Zachary DeVault
|
|
Batting: LHB Robert Wilkins
|
0-0: Ball 1-0: Ball 2-0: Ball 3-0: Fly out, F6 (Line Drive, 6, EV 70.6 MPH)
|
|
Batting: LHB Felipe Gomez
|
0-0: Ball 1-0: Ground out U3 (Groundball, 3, EV 91.9 MPH)
|
|
Batting: RHB Chris Bohm
|
0-0: Foul Ball, location: 2F 0-1: SINGLE (Flyball, 8RS, EV 88.1 MPH)
|
|
Batting: RHB Emiel Schlepers
|
0-0: Foul Ball, location: 2F 0-1: Ball 1-1: Ground out 5-3 (Groundball, 56S, EV 68.8 MPH)
|
| Top of the 7th over - 0 runs, 1 hit, 0 errors, 1 left on base; Beloit 3 - Hickory 2 |
| BOTTOM OF THE 7TH |
|
Hickory Crawdads batting - Pitching for Beloit Snappers : RHP Juan Lucero
|
|
Pinch Hitting: LHB Brian Gray
|
0-0: Called Strike 0-1: Ball 1-1: Ball 2-1: Swinging Strike 2-2: Strikes out swinging
|
|
Batting: RHB Salvador Caldera
|
0-0: Ball 1-0: Foul Ball, location: 2F 1-1: Called Strike 1-2: Strikes out looking
|
|
Batting: RHB Zach Thomason
|
0-0: Called Strike 0-1: Swinging Strike 0-2: Ball 1-2: Foul Ball, location: 2F 1-2: Strikes out swinging
|
| Bottom of the 7th over - 0 runs, 0 hits, 0 errors, 0 left on base; Beloit 3 - Hickory 2 |
| TOP OF THE 8TH |
|
Beloit Snappers batting - Pitching for Hickory Crawdads : LHP Zachary DeVault
|
|
Pitching: RHP Miguel Arguello
|
|
|
Now at 3B: Quido van Erp
|
|
|
Batting: RHB Shannon Beck
|
0-0: Swinging Strike 0-1: Called Strike 0-2: Strikes out swinging
|
|
Batting: RHB Clay Statum
|
0-0: Called Strike 0-1: Fly out, F7 (Flyball, 78M, EV 75.0 MPH)
|
|
Batting: RHB Don Burt
|
0-0: Called Strike 0-1: Called Strike 0-2: Ground out 6-3 (Groundball, 6, EV 80.6 MPH)
|
| Top of the 8th over - 0 runs, 0 hits, 0 errors, 0 left on base; Beloit 3 - Hickory 2 |
| BOTTOM OF THE 8TH |
|
Hickory Crawdads batting - Pitching for Beloit Snappers : RHP Juan Lucero
|
|
Pitching: RHP Jon Coakley
|
|
|
Now at 1B: Ivan Barry
|
|
|
Batting: RHB Zach Koblinski
|
0-0: SINGLE (Line Drive, 7LS, EV 99.4 MPH)
|
|
Pinch Hitting: LHB Tim Olsen
|
0-0: Ball 1-0: Called Strike 1-1: Ball 2-1: Swinging Strike 2-2: Ball 3-2: DOUBLE (Line Drive, 5D, EV 95.0 MPH) Zach Koblinski to third Runner from 3rd tries for Home, throw by LF and OUT! 7-6-2
|
|
Batting: RHB Aaron Moore
|
0-0: SINGLE (Flyball, 9LS, EV 95.0 MPH) Tim Olsen to third
|
|
Batting: LHB Caleb Domino
|
0-0: Called Strike 0-1: Ball 1-1: Foul Ball, location: 2F 1-2: Strikes out swinging
|
|
Batting: RHB Matthew Starr
|
0-0: DOUBLE (Line Drive, 78D, EV 112.5 MPH) Tim Olsen scores Aaron Moore to third Runner from 3rd tries for Home, SAFE, throw by CF to trailing runner, SAFE at third!
|
|
Batting: RHB Dermott Neill
|
0-0: Called Strike 0-1: Fly out, F3 (Popup, 34, EV 56.9 MPH)
|
| Bottom of the 8th over - 2 runs, 4 hits, 0 errors, 1 left on base; Beloit 3 - Hickory 4 |
| TOP OF THE 9TH |
|
Beloit Snappers batting - Pitching for Hickory Crawdads : RHP Miguel Arguello
|
|
Pitching: RHP Johnny Munoz
|
|
|
Now at 3B: Johannes Gutermuth
|
|
|
Now at SS: Quido van Erp
|
|
|
Batting: LHB Jeremy Brammer
|
0-0: Ground out 5-3 (Groundball, 56D, EV 105.0 MPH)
|
|
Pinch Hitting: LHB Chance Stever
|
0-0: Ball 1-0: Ground out 4-3 (Groundball, 4S, EV 72.5 MPH)
|
|
Batting: LHB Robert Wilkins
|
0-0: Fly out, F9 (Flyball, 9D, EV 98.8 MPH)
|
| Top of the 9th over - 0 runs, 0 hits, 0 errors, 0 left on base; Beloit 3 - Hickory 4 |
|